 Dungeon Crawl Stone Soup version 0.29.1-2-gbd0b4ee654 (webtiles) character file.

Game seed: 6390595123886297913

225 Pestilence the Covered (level 6, -4/53 HPs)
             Began as a Meteoran Fighter on Nov 9, 2022.
             Slain by an iguana (10 damage)
             ... on level 4 of the Dungeon.
             The game lasted 00:04:00 (1779 turns).

Pestilence the Covered (Meteoran Fighter)           Turns: 1779, Time: 00:04:01

Health: -4/53      AC: 13    Str: 21    XL:     6   Next: 45%
Magic:  7/7        EV:  7    Int:  9    God:
Gold:   220        SH:  5    Dex: 13    Spells: 5/5 levels left

rFire   . . .      SeeInvis .   a - +0 long sword
rCold   . . .      Faith    .   c - +0 buckler
rNeg    . . .      Spirit   .   e - +0 chain mail
rPois   .          Reflect  .   g - +0 helmet
rElec   .          Harm     .   (no cloak)
rCorr   .          Rampage  .   f - +0 pair of gloves
Will    .....                   h - +0 pair of boots
Stlth   ..........              (no amulet)
HPRegen 0.17/turn               (no ring)
MPRegen 0.10/turn               (no ring)

@: about to teleport, glowing
A: sense surroundings 1, otherworldly, glowing, explore regen
a: no special abilities


You were on level 4 of the Dungeon.
You visited 1 branch of the dungeon, and saw 4 of its levels.

You collected 220 gold pieces.

Inventory:

Hand Weapons
 a - a +0 long sword (weapon)
Armour
 c - a +0 buckler (worn)
 e - a +0 chain mail (worn)
 f - a +0 pair of gloves (worn)
 g - a +0 helmet (worn)
 h - a +0 pair of boots (worn)
Scrolls
 b - a scroll of magic mapping
 j - a scroll of amnesia {unknown}
 l - 2 scrolls of identify
Potions
 i - a potion of degeneration {unknown}
 p - a potion of cancellation


   Skills:
 + Level 4.5 Fighting
 + Level 4.1 Long Blades
 + Level 5.0 Armour
 + Level 5.0 Shields


You had 5 spell levels left.
You didn't know any spells.
Your spell library contained the following spells:

 Spells                   Type           Power      Damage    Failure   Level
 Ensorcelled Hibernation  Hex/Ice        0%         N/A       100%        2
 Spider Form              Tmut/Pois      0%         N/A       100%        3
 Vampiric Draining        Necr           0%         2d6       100%        3
 Anguish                  Hex/Necr       0%         N/A       100%        4
 Leda's Liquefaction      Hex/Erth       0%         N/A       100%        4
 Borgnjor's Vile Clutch   Necr/Erth      0%         N/A       100%        5


Dungeon Overview and Level Annotations

Branches:
Dungeon (4/15) Zot: 550
 Temple: D:4-7

Altars:
Ashenzari
Trog


Innate Abilities, Weirdness & Mutations

You passively map a small area around you.
You are easily found by Zot.
You glow in the dark.
You regain HP and MP as you explore.


Message History

The quokka bites you but does no damage.
You hit the quokka.
The quokka is severely wounded.
The quokka bites you but does no damage. x2
You hit the quokka.
You kill the quokka!
i - a coppery potion You pick up a book of Dreams and begin reading...
You add the spells Ensorcelled Hibernation and Spider Form to your library.
An ogre comes into view. It is wielding a +0 giant club.
The ogre shouts!
Unknown command.
The ogre hits you with a +0 giant club.
You slash the ogre!
The ogre is moderately wounded.
You hit the ogre.
The ogre is moderately wounded.
The ogre hits you with a +0 giant club!
You barely miss the ogre.
The ogre is moderately wounded.
The ogre hits you with a +0 giant club! The ogre attacks as you move away!
The ogre hits you with a +0 giant club!
* * * LOW HITPOINT WARNING * * *
An iguana comes into view.
The iguana hisses angrily.
Found a stone staircase leading up.
The iguana bites you.
* * * LOW HITPOINT WARNING * * *
The iguana attacks as you move away! The iguana barely misses you.
Found a scroll labelled PAMPUS NEPTU.
You see here a scroll labelled PAMPUS NEPTU.
j - a scroll labelled PAMPUS NEPTU You block the iguana's attack.
A phantom comes into view.
The iguana bites you.
* * * LOW HITPOINT WARNING * * *
As you read the scroll of teleportation, it crumbles to dust.
You feel strangely unstable.
The iguana hisses menacingly.
The iguana bites you!
You die...

.....#,***####....# *,*,*
##+..#,,,,,..#...####.*,*
⌠.#..###*###.#........*,*
..#....# #.#.#W########,*
..#.##.###.#.......O..#,****
..#....#.....##.#####.#,,,,*
..#.####+#...##.#O....#,,,**
..#.....)...###.#l##......#
..#..>......# #.@.##.##.#<#
⌠.#.........# ######..,.#**
##+.........# ####*#
............# .#..........#
.####.......# ............#
.####.......# ....#########


You could see an ogre, a phantom and an iguana.

Vanquished Creatures
  2 orc priests (D:3)
  2 orc wizards (D:3)
  Robin (D:3)
  An adder (D:2)
  An ufetubus (D:2)
  3 worms
  3 dart slugs
  6 orcs
  5 ball pythons
  3 endoplasms
  5 giant cockroaches
  12 goblins
  6 hobgoblins
  4 quokkas
  4 bats
  3 frilled lizards
  5 kobolds
  7 rats
73 creatures vanquished.

Notes
Turn   | Place    | Note
-------+----------+-------------------------------------------
     0 | D:1      | Pestilence the Meteoran Fighter began the quest for the
                  | Orb.
     0 | D:1      | Reached XP level 1. HP: 19/19 MP: 2/2
    46 | D:1      | Reached XP level 2. HP: 15/26 MP: 3/3
   120 | D:1      | Reached XP level 3. HP: 31/31 MP: 4/4
   480 | D:1      | Glimpsed the power of Zot.
   525 | D:2      | Got Sif Muna's Folio of Bloody Metal
   652 | D:2      | Reached XP level 4. HP: 35/40 MP: 5/5
  1064 | D:2      | Glimpsed the power of Zot.
  1114 | D:3      | Reached XP level 5. HP: 19/46 MP: 6/6
  1142 | D:3      | Noticed Robin
  1174 | D:3      | Killed Robin
  1248 | D:3      | Reached XP level 6. HP: 18/53 MP: 7/7
  1265 | D:3      | Found a faded altar of an unknown god.
  1637 | D:3      | Glimpsed the power of Zot.
  1671 | D:4      | Found a broken altar of Ashenzari.
  1673 | D:4      | Found a bloodstained altar of Trog.
  1690 | D:4      | Reached skill level 5 in Armour
  1690 | D:4      | Reached skill level 5 in Shields
  1758 | D:4      | Noticed an ogre
  1779 | D:4      | Slain by an iguana

Illustrated notes

Levels and vault maps discovered:
D:1:      dpeg_arrival_signposts, layout_loops_ring
D:2:      layout_loops_corners, grunt_decor_junction
D:3:      layout_basic, chequers_ecumenical_altar_grove, roderic_filled_cross,
          uniq_robin
D:4:      layout_basic, grunt_qazlal_clouds, jmf_multi_god_temple

Skill      XL: |  1  2  3  4  5  6 |
---------------+-------------------+-----
Armour         | 4 5 |  5.0
Shields        | 4 5 |  5.0
Long Blades    | 3 4 |  4.1
Fighting       | 4 |  4.5

Action                   |  1- 3 |  4- 6 || total
-------------------------+-------+-------++-------
Melee: Long sword        |    83 |   174 ||   257
  Use: Scroll            |       |    10 ||    10
       Potion            |       |     6 ||     6
Armor: Scale mail        |    41 |    78 ||   119
       Chain mail        |       |    45 ||    45
Dodge: Dodged            |    31 |    63 ||    94
Block: Buckler           |    21 |    48 ||    69
